 Dungeon Crawl Stone Soup version 0.19.0-18-g426998a (webtiles) character file.

170 LORDOFBUTT the Shield-Bearer (level 5, 0/41 HPs)
             Began as a Formicid Fighter on Nov 11, 2016.
             Killed by nerve-wracking pain
             ... invoked by an orc priest
              (1 damage)
             ... on level 3 of the Dungeon.
             The game lasted 00:02:31 (1732 turns).

LORDOFBUTT the Shield-Bearer (Formicid Fighter)     Turns: 1732, Time: 00:02:32

Health: 0/41       AC:  7    Str: 20 (21) XL:     5   Next: 80%
Magic:  5/5        EV:  6    Int:  6 (7)  God:
Gold:   52         SH: 14    Dex:  8 (11) Spells: 0 memorised, 4 levels left

rFire  . . .     SeeInvis +     a - +0 war axe
rCold  . . .     Gourm    .     b - +0 scale mail
rNeg   + . .     Faith    .     l - +0 large shield {rN+}
rPois  .         Spirit   .     (helmet unavailable)
rElec  .         Reflect  .     (no cloak)
rCorr  +         Harm     .     (no gloves)
MR     .....                    (no boots)
Stlth  ..........               (no amulet)
                                (no ring)
                                e - ring of resist corrosion

@: no status effects
A: permanent stasis, dig shafts and tunnels, four strong arms, antennae 3
a: Dig, Shaft Self


You were on level 3 of the Dungeon.
You were not hungry.

You visited 1 branch of the dungeon, and saw 3 of its levels.

You collected 52 gold pieces.

Inventory:

Hand Weapons
 a - a +0 war axe (weapon)
Armour
 b - a +0 scale mail (worn)
 l - a +0 large shield of positive energy (worn)
Jewellery
 e - a ring of resist corrosion (left hand)
Scrolls
 c - a scroll of recharging {unknown}
 h - 2 scrolls of immolation {unknown}
 i - 2 scrolls of noise {unknown}
 j - 2 scrolls of identify {unknown}
 k - a scroll of teleportation {unknown}
 n - 2 scrolls of enchant weapon {unknown}
 o - a scroll of fog {unknown}
Comestibles
 p - a meat ration


   Skills:
 - Level 3.3 Fighting
 * Level 4.2 Axes
 - Level 3.8 Armour
 - Level 0.1 Dodging
 + Level 5.1 Shields


You had 4 spell levels left.
You didn't know any spells.

Dungeon Overview and Level Annotations

Branches:
Dungeon (3/15)

Altars:
Trog
Yredelemnul

Annotations:
D:2 1 runed door
D:3 Sigmund


Innate Abilities, Weirdness & Mutations

You are under a permanent stasis effect.
You can dig through walls and to a lower floor.
Your four strong arms can wield two-handed weapons with a shield.
You have a pair of large antennae on your head. (SInv)


Message History

The orc priest hits you but does no damage.
You hit the orc priest but do no damage.
The orc priest is almost dead.
The orc priest hits you but does no damage.
You hit the orc priest.
The orc priest is almost dead.
The orc priest calls down the wrath of Beogh upon you.
Pain shoots through your body!
The orc priest calls down the wrath of Beogh upon you.
Beogh smites you!
* * * LOW HITPOINT WARNING * * *
You barely miss the orc priest.
The orc priest is almost dead.
The orc priest looks braver for a moment.
You hit the orc priest but do no damage.
The orc priest is almost dead.
You block the orc priest's attack.
The orc priest invokes the aid of Beogh against you.
Pain shoots through your body!
You die...

##.## #.# .# ## # #
#### ...#
###############
##..........<..(@o[#
##################S#
..# .# ### {.. ..#
... ### .... .<#
..... ..# ....## ..#


You could see an orc priest and an adder.

Vanquished Creatures
  Purgy (D:3)
  2 adders
  2 oozes (D:2)
  2 dart slugs
  A leopard gecko (D:2)
  5 orcs (D:3)
  2 ball pythons (D:2)
  3 bats
  A giant cockroach (D:2)
  7 goblins
  4 hobgoblins (D:1)
  2 jackals (D:1)
  A frilled lizard (D:3)
  5 kobolds
  A kobold skeleton (D:2)
  3 rats
42 creatures vanquished.

Notes
Turn   | Place    | Note
-------+----------+-------------------------------------------
     0 | D:1      | LORDOFBUTT the Formicid Fighter began the quest for the Orb.
     0 | D:1      | Reached XP level 1. HP: 18/18 MP: 1/1
    63 | D:1      | Reached XP level 2. HP: 24/24 MP: 2/2
   801 | D:1      | Reached skill level 4 in Shields
   801 | D:1      | Reached XP level 3. HP: 29/29 MP: 3/3
   961 | D:2      | Found a runed door.
   961 | D:2      | Noticed a human
  1005 | D:2      | Found a bloodstained altar of Trog.
  1117 | D:2      | Found a basalt altar of Yredelemnul.
  1284 | D:2      | Reached XP level 4. HP: 33/35 MP: 4/4
  1306 | D:2      | You fall through a shaft!
  1335 | D:3      | Noticed Purgy
  1350 | D:3      | Killed Purgy
  1350 | D:3      | Reached skill level 5 in Shields
  1350 | D:3      | Reached XP level 5. HP: 33/41 MP: 5/5
  1375 | D:3      | Noticed Sigmund
  1729 | D:3      | HP: 1/41 [orc priest/divine providence (15)]
  1732 | D:3      | Killed from afar by an orc priest

Skill      XL: |  1  2  3  4 |
---------------+-------------+-----
Shields        | 4 5 |  5.1
Axes           | 4 |  4.2
Fighting       | |  3.3
Armour         | |  3.8
Dodging        | |  0.1

Action                   |  1- 3 |  4- 6 || total
-------------------------+-------+-------++-------
Melee: War axe           |    84 |    70 ||   154
 Abil: Dig               |       |     1 ||     1
  Use: Potion            |       |     3 ||     3
  Eat: Chunk             |     1 |     1 ||     2
       Bread ration      |       |     1 ||     1
Armor: Scale mail        |    39 |    41 ||    80
Dodge: Dodged            |    15 |    26 ||    41
Block: Shield            |    29 |       ||    29
       Large shield      |    34 |   101 ||   135
